 Dungeon Crawl Stone Soup version 0.26.1-11-gd32895ea62 (webtiles) character file.

Game seed: 13749902859172348153

53 Descartes the Ducker (level 3, 0/15 HPs)
             Began as a Felid Transmuter on May 2, 2021.
             Succumbed to an adder's poison
             ... on level 2 of the Dungeon.
             The game lasted 00:04:07 (2731 turns).

Descartes the Ducker (Felid Transmuter)             Turns: 2731, Time: 00:04:07

Health: 0/15       AC:  1    Str:  7    XL:     3   Next: 64%
Magic:  6/7        EV: 19    Int: 14    God:
Gold:   62         SH:  0    Dex: 16    Spells: 5/6 levels left
                                        Lives:  0   Deaths: 1

rFire    . . .     SeeInvis +     - Unarmed
rCold    . . .     Faith    .   (shield unavailable)
rNeg     . . .     Spirit   .   (armour unavailable)
rPois    .         Reflect  .   (helmet unavailable)
rElec    .         Harm     .   (cloak unavailable)
rCorr    .         Rampage  .   (gloves unavailable)
Will     .....                  (boots unavailable)
Stlth    +++.......             (no amulet)
HPRegen  0.05/turn              (no ring)
MPRegen  0.10/turn              (no ring)

@: mighty, lethally poisoned (0 -> -5), attractive, very slightly contaminated,
invisible, quick
A: very small, no armour, no weapons or thrown items, stealth, claws 1, fangs 3,
see invisible, speed 1, shaggy fur 1, sharp paws
a: no special abilities


You were on level 2 of the Dungeon.
You visited 1 branch of the dungeon, and saw 2 of its levels.

You collected 62 gold pieces.

Inventory:

Missiles
 f - 21 arrows
 h - 10 stones
Scrolls
 a - a scroll of immolation {unknown}
 c - 3 scrolls of amnesia {unknown}
 e - a scroll of blinking {unknown}
 g - a scroll of enchant weapon {unknown}
 j - a scroll of enchant armour {unknown}


   Skills:
 - Level 1.0 Fighting
 + Level 4.2 Dodging
 + Level 3.4 Stealth
 + Level 3.9 Unarmed Combat
 - Level 2.0 Spellcasting
 - Level 2.1 Transmutations


You had 5 spell levels left.
You knew the following spells:

 Your Spells              Type           Power        Failure   Level
a - Beastly Appendage     Tmut           14%          10%         1

Your spell library contained the following spells:

 Spells                   Type           Power        Failure   Level
 Wereblood                Tmut           7%           14%         2
 Spider Form              Tmut/Pois      2%           41%         3
 Ice Form                 Ice/Tmut       4%           83%         4
 Blade Hands              Tmut           3%           95%         5


Dungeon Overview and Level Annotations

Branches:
Dungeon (2/15)

Altars:


Innate Abilities, Weirdness & Mutations

You cannot wear armour.
You are incapable of wielding weapons or throwing items.
Your paws allow you to move quietly. (Stealth)
You have sharp claws.
You have razor-sharp teeth.
You have supernaturally acute eyesight. (SInv)
You cover ground quickly.
You are covered in fur. (AC +1)
Your sharp claws are effective at attacking unaware monsters.


Message History

You miss the adder. You headbutt the adder.
The adder is almost dead.
The adder closely misses you.
You scratch the adder but do no damage. You headbutt the adder.
You kill the adder!
* * * LOW HITPOINT WARNING * * *
You feel sick.
It was a potion of attraction.
You feel attractive to monsters.
It was a potion of might.
You feel very mighty all of a sudden.
* * * LOW HITPOINT WARNING * * *
You feel sick.
It was a potion of invisibility.
You fade into invisibility!
You are very lightly contaminated with residual magic.
Your horns disappear.
* * * LOW HITPOINT WARNING * * *
You feel sick.
You die...

†.......................
####.###########(####.##
..##.# #.# #.##.# #.#
#.##.# #.# #.##.# #.#
#.##.# #.# †....# #)#
#.#### #@# #.# #†# #.#
#.# #.# #.# ..# ... ###
###


There were no monsters in sight!

Vanquished Creatures
  A gnoll (D:2)
  3 adders (D:2)
  An ufetubus (D:2)
  2 oozes (D:1)
  2 dart slugs
  3 leopard geckos (D:1)
  2 giant cockroaches
  4 goblins
  5 hobgoblins (D:1)
  8 kobolds
  3 ball pythons
  10 bats
  A frilled lizard (D:1)
  3 rats
48 creatures vanquished.

Vanquished Creatures (others)
  A plant (D:1)
1 creature vanquished.

Grand Total: 49 creatures vanquished

Notes
Turn   | Place    | Note
-------+----------+-------------------------------------------
     0 | D:1      | Descartes the Felid Transmuter began the quest for the Orb.
     0 | D:1      | Reached XP level 1. HP: 9/9 MP: 4/4
   141 | D:1      | Reached skill level 3 in Dodging
   141 | D:1      | Reached skill level 1 in Stealth
   304 | D:1      | Reached XP level 2. HP: 9/12 MP: 6/6
  1340 | D:1      | Reached XP level 3. HP: 15/15 MP: 7/7
  2157 | D:2      | Reached skill level 4 in Dodging
  2157 | D:2      | Reached XP level 4. HP: 19/19 MP: 6/8
  2606 | D:2      | Slain by a gnoll
  2607 | D:2      | Reached XP level 3. HP: -3/15 MP: 7/7
  2731 | D:2      | Succumbed to an adder's poison

Illustrated notes

Levels and vault maps discovered:
D:1:      dpeg_arrival_orchard, layout_basic, st_stairs_3, minmay_tetromino_o2
D:2:      layout_loops_ring, uniq_robin, uniq_crazy_yiuf_cottage

Skill      XL: |  1  2  3 |
---------------+----------+-----
Dodging        | 3 4 |  4.2
Stealth        | 1 2 3 |  3.4
Fighting       | |  1.0
Unarmed Combat | |  3.9
Spellcasting   | |  2.0
Transmutations | |  2.1

Action                   |  1- 3 |  4- 6 || total
-------------------------+-------+-------++-------
Melee: Unarmed           |   111 |    25 ||   136
       Bite              |     7 |     3 ||    10
       Headbutt          |     4 |     5 ||     9
       Punch             |     2 |       ||     2
 Cast: Beastly Appendage |     8 |     4 ||    12
  Use: Potion            |     3 |       ||     3
 Stab: Sleeping          |     7 |       ||     7
Armor: Skin              |     6 |     1 ||     7
Dodge: Dodged            |    78 |    18 ||    96
